 Dungeon Crawl Stone Soup version 0.30-a0-553-g7fabdf1491 (webtiles) character file.

Game seed: 9100966008645502422

2194 oldriver the Covert (level 9, -9/76 (82) HPs)
             Began as a Naga Artificer on Dec 27, 2022.
             Was an Initiate of Wu Jian.
             Mangled by a wight
             ... wielding a +0 halberd
              (13 damage)
             ... on level 7 of the Dungeon.
             The game lasted 00:12:57 (7027 turns).

oldriver the Covert (Naga Artificer)                Turns: 7027, Time: 00:12:58

HP:   -9/76 (82)    AC: 11    Str: 16    XL:     9   Next: 34%
MP:   9/9           EV:  7    Int: 15    God:    Wu Jian [......]
Gold: 307           SH:  0    Dex: 14    Spells: 8/8 levels left

rFire   . . .      SeeInvis +    h - +7 war axe of Hisics {venom, Int+3}
rCold   . . .      Faith    .    (no shield)
rNeg    . . .      Spirit   .    b - +0 leather armour
rPois   +          Reflect  .    B - +0 helmet
rElec   .          Harm     .    A - +0 cloak
rCorr   .          Rampage  .    (no gloves)
Will    +....                    s - +0 barding
Stlth   ++++                     (no amulet)
HPRegen 0.32/turn                (no ring)
MPRegen 0.11/turn                (no ring)

@: drained, very slow
A: AC +3, large, see invisible, deformed body, poison resistance, slowness 2,
spit poison 1, naga tail 1
a: Spit Poison, Renounce Religion


You were on level 7 of the Dungeon.
You worshipped Wu Jian.
Wu Jian was noncommittal.
You visited 2 branches of the dungeon, and saw 8 of its levels.

You collected 307 gold pieces.

Inventory:

Hand Weapons
 h - the +7 war axe of Hisics (weapon) {venom, Int+3}
   (You found it on level 6 of the Dungeon)

   It poisons the flesh of those it strikes.
   Int:       It affects your intelligence (+3).
 k - a +2 dagger of electrocution
 t - the +5 spear "Taimi" {freeze, Dex+7}
   (You found it on level 3 of the Dungeon)

   It freezes those it strikes, dealing additional cold damage.
   It can also slow down cold-blooded creatures.
   Dex:       It affects your dexterity (+7).
Missiles
 u - 13 poisoned darts
Armour
 b - a +0 leather armour (worn)
 s - a +0 barding (worn)
 A - a +0 cloak (worn)
 B - a +0 helmet (worn)
 E - a +0 leather armour of poison resistance
Jewellery
 H - a +6 ring of strength
Wands
 c - a wand of flame (24)
 d - a wand of charming (12)
 e - a wand of iceblast (1)
 l - a wand of polymorph (5)
 z - a wand of mindburst (4)
Scrolls
 f - 4 scrolls of teleportation
 g - a scroll of blinking {unknown}
 m - a scroll of fog
 y - a scroll of enchant weapon {unknown}
 C - a scroll of noise {unknown}
 D - a scroll of identify
 F - a scroll of silence {unknown}
 G - a scroll of fear {unknown}
 I - a scroll of amnesia
Potions
 a - a potion of resistance {unknown}
 i - a potion of degeneration {unknown}
 j - 2 potions of lignification {unknown}
 n - 3 potions of brilliance
 o - 8 potions of curing
 p - a potion of cancellation {unknown}
 q - a potion of berserk rage {unknown}
 r - a potion of invisibility {unknown}
 v - 2 potions of heal wounds {unknown}
 w - a potion of ambrosia {unknown}
 x - a potion of attraction {unknown}
 J - a potion of might {unknown}


   Skills:
 + Level 6.3 Fighting
 - Level 4.0 Short Blades
 * Level 6.6 Axes
 - Level 2.0 Armour
 - Level 1.0 Dodging
 + Level 9.9 Stealth
 - Level 3.0 Evocations


You had 8 spell levels left.
You didn't know any spells.
Your spell library contained the following spells:

 Spells                   Type           Power      Damage    Failure   Level
 Freeze                   Ice            0%         1d3       32%         1
 Summon Small Mammal      Summ           0%         N/A       32%         1
 Blink                    Tloc           0%         N/A       45%         2
 Ensorcelled Hibernation  Hex/Ice        0%         N/A       45%         2
 Passwall                 Tmut/Erth      0%         N/A       45%         2
 Call Canine Familiar     Summ           0%         N/A       69%         3
 Frozen Ramparts          Ice            0%         1d1       69%         3
 Hailstorm                Conj/Ice       0%         3d3       69%         3
 Summon Guardian Golem    Hex/Summ       0%         N/A       69%         3
 Swiftness                Air            0%         N/A       69%         3
 Cause Fear               Hex            0%         N/A       97%         4
 Manifold Assault         Tloc           0%         N/A       97%         4
 Dragon Form              Tmut           0%         N/A       100%        7
 Storm Form               Tmut/Air       0%         N/A       100%        7
 Dragon's Call            Summ           0%         N/A       100%        9


Dungeon Overview and Level Annotations

Branches:
Dungeon (7/15)             Temple (1/1) D:7

Altars:
Ashenzari
Cheibriados
Elyvilon
Fedhas
Gozag
Hepliaklqana
Kikubaaqudgha
Makhleb
Nemelex Xobeh
Okawaru
Qazlal
Ru
Sif Muna
Trog
Uskayaw
Vehumet
Wu Jian
Xom
Yredelemnul
Zin
The Shining One


Innate Abilities, Weirdness & Mutations

Your serpentine skin is tough. (AC +3)
You have supernaturally acute eyesight. (SInv)
Armour fits poorly on your strangely shaped body.
Your system is resistant to poisons. (rPois)
You cover ground very slowly.
You can spit poison.
You have a snake-like lower body.


Message History

You feel drained.
* * * LOW HITPOINT WARNING * * *
You closely miss the wight.
The wight is lightly damaged.
The wight closely misses you. The wight hits you with a +0 mace.
* * * LOW HITPOINT WARNING * * *
You hit the wight.
The wight is moderately damaged.
The wight barely misses you. The wight hits you with a +0 mace.
* * * LOW HITPOINT WARNING * * *
You feel drained.
* * * LOW HITPOINT WARNING * * *
Okay, then.
Aiming: Iceblast
Press: ? - help, Shift-Dir - straight line The mass of ice explodes!
The iceblast engulfs the wight.
The wight partially resists.
The wight is severely damaged.
The iceblast engulfs the wight!
The wight partially resists.
The wight is heavily damaged.
You hear a shout! x2
The wight hits you from afar with a +0 halberd.
* * * LOW HITPOINT WARNING * * *
You feel drained.
* * * LOW HITPOINT WARNING * * *
The wight hits you with a +0 mace.
* * * LOW HITPOINT WARNING * * *
Okay, then.
Okay, then.
Aiming: Iceblast
Press: ? - help, Shift-Dir - straight line The mass of ice explodes!
The iceblast engulfs the wight!
The wight partially resists.
You destroy the wight!
The Council accepts your kill.
The iceblast engulfs the wight!
The wight partially resists.
The wight is almost destroyed.
You hear a shout!
The wight hits you from afar with a +0 halberd!
You die...

....########..###
#####.....#.....##
##.............########
###...............#......
....).)..................
###...)..................
#......................
###............).........
.###............@).......
.####.....#.....#).......
..################z......
...### ....... ......
....... ..##.. .......
..# ## ....... ....
....... ...... .......


You could see a wight.

Vanquished Creatures
  A yak (D:5)
  A water moccasin (D:6)
  An ice beast (D:5)
  Duvessa (D:7)
  An orc warrior (D:7)
  3 ogres
  3 phantoms
  A kobold brigand (D:5)
  A bullfrog (D:7)
  3 scorpions
  A necrophage (D:6)
  4 wights (D:7)
  Dowan (D:7)
  3 hounds
  2 orc priests
  2 jellies (D:7)
  A gnoll bouda (D:5)
  3 iguanas
  3 orc wizards
  7 gnolls
  6 adders
  2 shadow imps
  4 white imps
  4 worms
  2 dart slugs
  23 orcs
  6 ball pythons
  5 endoplasms
  A giant cockroach (D:2)
  5 goblins
  5 hobgoblins
  2 quokkas
  5 bats
  3 frilled lizards
  11 kobolds
  5 rats
132 creatures vanquished.

Vanquished Creatures (collateral kills)
  A hound (D:5)
  An adder (D:4)
2 creatures vanquished.

Grand Total: 134 creatures vanquished

Notes
Turn   | Place    | Note
-------+----------+-------------------------------------------
     0 | D:1      | oldriver the Naga Artificer began the quest for the Orb.
     0 | D:1      | Reached XP level 1. HP: 18/18 MP: 1/1
   134 | D:1      | Reached skill level 2 in Stealth
   291 | D:1      | Reached XP level 2. HP: 20/25 MP: 2/2
   576 | D:1      | Found a faded altar of an unknown god.
   642 | D:1      | Reached skill level 3 in Stealth
   764 | D:1      | Reached XP level 3. HP: 26/32 MP: 3/3
  1952 | D:2      | Reached skill level 1 in Short Blades
  2090 | D:2      | Reached skill level 4 in Stealth
  2090 | D:2      | Reached XP level 4. HP: 40/40 MP: 4/4
  2420 | D:3      | Noticed a scorpion
  2426 | D:3      | Killed a scorpion
  2427 | D:3      | Reached XP level 5. HP: 48/48 MP: 5/5
  2882 | D:3      | Reached skill level 1 in Dodging
  2882 | D:3      | Reached skill level 5 in Stealth
  3049 | D:3      | Identified the +5 spear "Taimi" {freeze, Dex+7}
  3055 | D:3      | Reached XP level 6. HP: 55/56 MP: 6/6
  3719 | D:4      | You fall into a shaft and drop 2 floors!
  3721 | D:6      | Noticed a water moccasin
  3880 | D:6      | Killed a water moccasin
  3973 | D:6      | Identified the +7 war axe of Hisics {venom, Int+3}
  3999 | D:6      | Found a sacrificial altar of Ru.
  4178 | D:6      | Reached skill level 6 in Stealth
  4178 | D:6      | Reached XP level 7. HP: 61/63 MP: 7/7
  4222 | D:5      | Entered Level 5 of the Dungeon
  4231 | D:5      | Found a shimmering altar of Xom.
  4921 | D:5      | Reached skill level 1 in Axes
  5066 | D:5      | Reached skill level 7 in Stealth
  5314 | D:5      | Reached XP level 8. HP: 73/73 MP: 8/8
  5318 | D:5      | Noticed a yak
  5633 | D:5      | Reached skill level 5 in Fighting
  5652 | D:5      | Reached skill level 8 in Stealth
  5669 | D:5      | Killed a yak
  5940 | D:6      | Reached skill level 5 in Axes
  6124 | D:6      | Found a snail-covered altar of Cheibriados.
  6124 | D:6      | Found a blossoming altar of Fedhas.
  6176 | D:7      | Found a staircase to the Ecumenical Temple.
  6207 | Temple   | Entered the Ecumenical Temple
  6378 | Temple   | Became a worshipper of the Wu Jian Council
  6402 | D:7      | Noticed Dowan
  6465 | D:7      | Reached skill level 9 in Stealth
  6498 | D:7      | Reached XP level 9. HP: 38/82 MP: 9/9
  6657 | D:7      | Noticed Duvessa
  6665 | D:7      | Killed Duvessa
  6670 | D:7      | Killed Dowan
  7026 | D:7      | HP: 3/76 [wight/+0 mace (5)]
  7027 | D:7      | Mangled by a wight

Illustrated notes

Levels and vault maps discovered:
D:1:      dpeg_arrival_boxorama, layout_basic,
          hellmonk_ecumenical_altar_leap_of_faith, minmay_misc_feat_tower,
          minmay_cupped
D:2:      layout_basic, chequers_serial_rivers_marsh
D:3:      layout_basic, nicolae_eternal_life
D:4:      layout_basic, serial_curves, eino_curves_04, eino_curves_04,
          grunt_decor_cap
D:5:      minmay_bubble_buster, layout_basic, old_standard_altar
D:6:      layout_cave_pools, marbit_many_paths, gammafunk_temple_overflow_pools
D:7:      layout_rooms, minmay_temple_entry_mist, grunt_decor_resistance,
          uniq_duvessa
Temple:   nicolae_temple_bog_church

Skill      XL: |  1  2  3  4  5  6  7  8  9 |
---------------+----------------------------+-----
Stealth        | 2 3 4 5 6 7 9 |  9.9
Fighting       | 2 3 4 5 6 |  6.3
Short Blades   | 1 2 3 4 |  4.0
Dodging        | 1 |  1.0
Armour         | 2 |  2.0
Axes           | 3 5 6 |  6.6
Evocations     | |  3.0

Action                   |  1- 3 |  4- 6 |  7- 9 || total
-------------------------+-------+-------+-------++-------
Melee: Club              |    18 |       |       ||    18
       Short sword       |    33 |       |       ||    33
       Punch             |     1 |     2 |     3 ||     6
       Dagger            |    24 |    92 |       ||   116
       War axe           |       |     8 |   129 ||   137
Throw: Dart              |       |       |     2 ||     2
Invok: Lunge             |       |       |     4 ||     4
 Abil: Spit Poison       |    46 |    15 |     5 ||    66
Evoke: Wand              |       |     8 |     4 ||    12
  Use: Scroll            |       |     6 |     1 ||     7
       Potion            |       |     1 |       ||     1
 Stab: Sleeping          |       |     8 |     7 ||    15
Armor: Leather armour    |    28 |    55 |    73 ||   156
Dodge: Dodged            |    52 |    45 |    52 ||   149

Table legend: (Time is in decaauts)
 A = Elapsed time spent in this place.
 B = Non-inter-level travel time spent in this place.
 C = Inter-level travel time spent in this place.
 D = Time resting spent in this place.
 E = Time spent auto-exploring this place.
 F = Levels seen in this place.
 G = Mean time per level.
                   A        B        C        D        E       F      G
               +--------+--------+--------+--------+--------+-----+--------+
         Total |   8906 |   8436 |    470 |   1248 |   5575 |   8 | 1113.2 |
       Dungeon |   8643 |   8203 |    440 |   1248 |   5359 |   7 | 1234.7 |
        Temple |    263 |    233 |     30 |      0 |    215 |   1 |  263.0 |
               +--------+--------+--------+--------+--------+-----+--------+

Top non-repeatable levels by time:
     D:5: 1964 daAuts
     D:1: 1766 daAuts
     D:3: 1513 daAuts
     D:2: 1369 daAuts
     D:6: 1017 daAuts
     D:7: 800 daAuts
  Temple: 263 daAuts
     D:4: 212 daAuts
